 Dungeon Crawl Stone Soup version 0.29-a0-330-g52719c12eb (webtiles) character file.

Game seed: 1139998281414665876

45 jlumianski the Skirmisher (level 3, -3/29 HPs)
             Began as a Demonspawn Fighter on Apr 13, 2022.
             Slain by a worm (9 damage)
             ... on level 2 of the Dungeon.
             The game lasted 00:03:20 (1026 turns).

jlumianski the Skirmisher (Demonspawn Fighter)      Turns: 1026, Time: 00:03:20

Health: -3/29      AC:  6    Str: 18    XL:     3   Next: 42%
Magic:  3/3        EV:  9    Int:  9    God:
Gold:   54         SH:  0    Dex: 12    Spells: 2/2 levels left

rFire   . . .      SeeInvis .   a - +0 war axe
rCold   . . .      Faith    .   g - orb {*Rage}
rNeg    . . .      Spirit   .   b - +0 scale mail
rPois   .          Reflect  .   (no helmet)
rElec   .          Harm     .   (no cloak)
rCorr   .          Rampage  .   (no gloves)
Will    .....      Rage     20% (no boots)
Stlth   ..........              (no amulet)
HPRegen 0.09/turn               (no ring)
MPRegen 0.08/turn               (no ring)

@: on berserk cooldown, slowed, very slow
A: foul stench 1
a: no special abilities


You were on level 2 of the Dungeon.
You visited 1 branch of the dungeon, and saw 2 of its levels.

You collected 54 gold pieces.

Inventory:

Hand Weapons
 a - a +0 war axe (weapon)
Missiles
 e - 30 stones (quivered)
Armour
 b - a +0 scale mail (worn)
 c - a +0 buckler
 g - an orb of wrath (worn)
Scrolls
 f - a scroll of teleportation {unknown}
 h - a scroll of fear {unknown}
 i - 2 scrolls of identify {unknown}
 j - a scroll of holy word {unknown}
Potions
 d - a potion of might
 k - a potion of mutation {unknown}


   Skills:
 + Level 3.4 Fighting
 + Level 2.4 Axes
 + Level 3.1 Armour
 + Level 2.8 Shields


You had 2 spell levels left.
You didn't know any spells.
Your spell library contained the following spells:

 Spells                   Type           Power      Damage    Failure   Level
 Passwall                 Tmut/Erth      0%         N/A       88%         2
 Ignite Poison            Fire/Tmut/Pois 0%         N/A       98%         3
 Spider Form              Tmut/Pois      0%         N/A       98%         3
 Yara's Violent Unravell  Hex/Tmut       0%         3d3       100%        5
 Storm Form               Tmut/Air       0%         N/A       100%        7


Dungeon Overview and Level Annotations

Branches:
Dungeon (2/15)

Altars:
Fedhas


Innate Abilities, Weirdness & Mutations

You may rarely emit foul miasma when damaged in melee.


Message History

a +0 short sword; a kobold corpse The adder bites you but does no damage.
You closely miss the adder. The adder bites you. The adder closely misses you.
You closely miss the adder. The adder bites you but does no damage.
The adder misses you. The adder bites you but does no damage.
You slash the adder!
The adder is almost dead.
The adder bites you but does no damage. x2; The adder bites you.
You miss the adder.
The adder is almost dead.
The adder bites you but does no damage. The adder bites you.
You closely miss the adder.
The adder is almost dead.
The adder bites you. The adder completely misses you. The adder bites you.
You barely miss the adder.
The adder is almost dead.
The adder bites you but does no damage. The adder closely misses you.
The adder bites you.
You slash the adder!
You kill the adder!
You slash the worm!
The worm is heavily wounded.
The worm bites you but does no damage.
You hit the worm.
The worm is severely wounded.
The worm bites you. x2
You hit the worm.
The worm is severely wounded.
The worm bites you.
You hit the worm.
The worm is severely wounded.
The worm bites you but does no damage.
You hit the worm but do no damage.
The worm is severely wounded.
The worm bites you.
* * * LOW HITPOINT WARNING * * *
You hit the worm.
The worm is almost dead.
The worm bites you!
You die...

########## .........#
.........# .....<...#
.........# .
.........################..
................##........$
.........######..#.......#
.........# ##@#.......#
.........# #w#.......#
#######..# #...†.....# ##.#
###.......# #.# #.......#
#.# #.......# #....$....
...#...... ..........


You could see a worm.

Vanquished Creatures
  An adder (D:2)
  A worm (D:2)
  5 ball pythons (D:1)
  4 bats
  3 endoplasms (D:1)
  5 giant cockroaches
  A goblin (D:1)
  4 hobgoblins
  3 kobolds
  3 rats (D:1)
30 creatures vanquished.

Notes
Turn   | Place    | Note
-------+----------+-------------------------------------------
     0 | D:1      | jlumianski the Demonspawn Fighter began the quest for the
                  | Orb.
     0 | D:1      | Reached XP level 1. HP: 18/18 MP: 1/1
   255 | D:2      | Gained mutation: You may rarely emit foul miasma when
                  | damaged in melee. [demonic ancestry]
   255 | D:2      | Reached XP level 2. HP: 24/24 MP: 2/2
   301 | D:1      | Got the Almanac of Contamination and Shape Shifting
   339 | D:2      | Found a blossoming altar of Fedhas.
   922 | D:1      | Reached XP level 3. HP: 29/29 MP: 3/3
  1026 | D:2      | Slain by a worm

Illustrated notes

Levels and vault maps discovered:
D:1:      giann_horns, layout_loops_ring
D:2:      layout_rooms, basic_altar

Skill      XL: |  1  2 |
---------------+-------+-----
Axes           | 2 |  2.4
Armour         | 3 |  3.1
Fighting       | |  3.4
Shields        | |  2.8

Action                   || total
-------------------------++-------
Melee: War axe           ||    70
Throw: Stone             ||     7
Armor: Scale mail        ||    38
Dodge: Dodged            ||    48

Table legend: (Time is in decaauts)
 A = Elapsed time spent in this place.
 B = Non-inter-level travel time spent in this place.
 C = Inter-level travel time spent in this place.
 D = Time resting spent in this place.
 E = Time spent auto-exploring this place.
 F = Levels seen in this place.
 G = Mean time per level.
                   A        B        C        D        E       F      G
               +--------+--------+--------+--------+--------+-----+--------+
         Total |   1114 |   1114 |      0 |      0 |    702 |   2 |  557.0 |
       Dungeon |   1114 |   1114 |      0 |      0 |    702 |   2 |  557.0 |
               +--------+--------+--------+--------+--------+-----+--------+

Top non-repeatable levels by time:
     D:1: 1008 daAuts
     D:2: 106 daAuts
